 Dungeon Crawl Stone Soup version 0.32-a0-872-g59262bdc9b (webtiles) character file.

Game seed: 7025942348929148509

3008902 DimondSprtn the Conqueror (level 27, 461/461 HPs)
             Began as an Oni Warper on Mar 30, 2024.
             Was the Champion of Wu Jian.
             Escaped with the Orb
             ... and 5 runes on Mar 31, 2024!
             The game lasted 04:17:17 (76146 turns).

DimondSprtn the Conqueror (Oni Warper)             Turns: 76146, Time: 04:17:17

Health: 461/461    AC: 43    Str: 23    XL:     27
Magic:  42/42      EV: 23    Int: 24    God:    Wu Jian [******]
Gold:   6637       SH:  0    Dex: 19    Spells: 6/66 levels left

rFire   . . .        a - +9 giant spiked club (freeze)
rCold   . . .        (shield currently unavailable)
rNeg    + + .        (body armour currently unavailable)
rPois   ∞            D - +2 hat {Stlth+}
rElec   +            b - +4 dragonskin cloak {Aegis}
rCorr   +            (gloves unavailable)
SInv    .            (boots unavailable)
Will    ++...        V - amulet of regeneration
Stlth   +            E - ring of Uhiuzasu {^Contam rF+ Dex+7}
HPRegen 2.56/turn    W - ring "Haokioto" {rN+ rCorr EV+5 Dex+4}
MPRegen 0.28/turn

%: no passive effects
@: statue-form, studying 3 skills, very slow
A: slow and powerful, torment resistance 1, boosted hp, large, unfitting armour,
horns 1, (tough skin 1), double potion healing, drunken brawling, (iridescent
scales 1), deformed body, low MP 1, regeneration 1, robust 1, (shaggy fur 1),
wild magic 1, evolution 1, heat vulnerability 1, inability to read after injury
1
0: Orb of Zot
}: 5/15 runes: decaying, serpentine, slimy, silver, abyssal
a: Begin Untransformation, Renounce Religion, Wall Jump, Serpent's Lash,
Heavenly Storm


You escaped.
You worshipped Wu Jian.
Wu Jian was exalted by your worship.
You were a living statue of rough stone.
You visited 12 branches of the dungeon, and saw 56 of its levels.
You visited the Abyss 4 times.
You also visited: Gauntlet.

You collected 8734 gold pieces.
You spent 2097 gold pieces at shops.

Inventory:

Hand Weapons
 a - a +9 giant spiked club of freezing (weapon)
Armour
 b - the +4 dragonskin cloak (worn) {Aegis}
   (You found it on level 3 of the Realm of Zot)

   Avatar's Aegis: It grants the wearer a chance to resist fire, cold, poison,
   electricity, acid, and negative energy.
 D - a +2 hat of stealth (worn)
Jewellery
 d - the ring of Moderation {rElec rCorr AC+4 Dex+4}
   (You found it on level 5 of the Pits of Slime)

   [ring of protection]

   AC+4:      It affects your AC (+4).
   Dex+4:     It affects your dexterity (+4).
   rElec:     It insulates you from electricity.
   rCorr:     It protects you from acid and corrosion.
 l - the ring "Het Oxam" {rF+ SInv}
   (You found it on level 3 of the Crypt)

   [ring of protection from fire]

   rF+:       It protects you from fire.
   SInv:      It lets you see invisible.
 E - the ring of Uhiuzasu (left fist) {^Contam rF+ Dex+7}
   (You found it on level 5 of the Vaults)

   [ring of protection from fire]

   Dex+7:     It affects your dexterity (+7).
   rF+:       It protects you from fire.
   ^Contam:   It causes magical contamination when unequipped.
 H - the amulet of Zeughesa {Reflect rF+ rCorr SH+5}
   (You took it off a deep elf pyromancer on level 3 of the Elven Halls)

   [amulet of reflection]

   Reflect:   It reflects blocked missile attacks.
   rF+:       It protects you from fire.
   rCorr:     It protects you from acid and corrosion.
   SH+5:      It affects your SH (+5).
 V - an amulet of regeneration (around neck)
 W - the ring "Haokioto" (right fist) {rN+ rCorr EV+5 Dex+4}
   (You bought it in a shop on level 2 of the Orcish Mines)

   [ring of evasion]

   EV+5:      It affects your evasion (+5).
   Dex+4:     It affects your dexterity (+4).
   rN+:       It protects you from negative energy.
   rCorr:     It protects you from acid and corrosion.
 X - a ring of protection from cold
Talismans
 t - a granite talisman (active)
Wands
 f - a wand of mindburst (51)
 h - a wand of polymorph (56)
 z - a wand of digging (11)
 A - a wand of flame (136)
 B - a wand of paralysis (48)
 I - a wand of roots (69)
 L - a wand of quicksilver (44)
Scrolls
 c - 12 scrolls of blinking
 g - 4 scrolls of enchant armour
 i - 7 scrolls of silence
 j - 3 scrolls of revelation
 k - 9 scrolls of fear
 s - 2 scrolls of identify
 u - 2 scrolls of torment
 y - 8 scrolls of fog
 C - 4 scrolls of enchant weapon
 F - 25 scrolls of teleportation
 M - 5 scrolls of immolation
 O - 6 scrolls of poison
 R - 7 scrolls of butterflies
 S - 9 scrolls of vulnerability
Potions
 e - 9 potions of lignification
 m - 4 potions of resistance
 n - 15 potions of ambrosia
 p - 11 potions of haste
 q - 10 potions of enlightenment
 r - 8 potions of heal wounds
 v - 2 potions of mutation
 w - 4 potions of magic
 x - 5 potions of might
 G - 8 potions of invisibility
 J - 16 potions of attraction
 K - 2 potions of cancellation
 N - 15 potions of curing
 T - 8 potions of brilliance
 U - 5 potions of berserk rage
Miscellaneous
 o - a phantom mirror
 P - a condenser vane
 Q - a Gell's gravitambourine (2/2)
 Y - a lightning rod (4/4)
 Z - a sack of spiders


   Skills:
 O Level 27 Fighting
 - Level 22.0 Maces & Flails
 - Level 1.0 Throwing
 - Level 3.2 Armour
 - Level 14.9 Dodging
 - Level 20.0 Spellcasting
 - Level 17.6 Summonings
 - Level 14.0 Necromancy
 - Level 14.0 Translocations
 - Level 5.0 Air Magic
 + Level 24.0 Shapeshifting


You had 6 spell levels left.
You knew the following spells:

 Your Spells              Type           Power      Damage    Failure   Level
a - Blink                 Tloc           100%       N/A       1%          2
b - Lesser Beckoning      Tloc           100%       N/A       1%          2
c - Maxwell's Portable P  Tloc           87%        2d(18-36) 1%          4
d - Vhi's Electric Charg  Tloc/Air       100%       N/A       1%          4
e - Apportation           Tloc           100%       N/A       1%          1
f - Summon Small Mammal   Summ           100%       N/A       1%          1
g - Iskenderun's Mystic   Conj/Tloc      66%        2d14      (+2d72%     4
h - Dispersal             Tloc           43%        N/A       1%          6
i - Summon Forest         Summ/Tloc      46%        N/A       1%          5
j - Fugue of the Fallen   Necr           87%        N/A       1%          3
k - Malign Gateway        Summ/Tloc      46%        N/A       4%          7
l - Death Channel         Necr           43%        N/A       1%          6
m - Haunt                 Necr/Summ      46%        N/A       4%          7
n - Summon Horrible Thin  Summ           48%        N/A       13%         8

Your spell library contained the following spells:

 Spells                   Type           Power      Damage    Failure   Level
 Necrotise                Necr           100%       1d9       1%          1
 Call Imp                 Summ           100%       N/A       1%          2
 Cigotuvi's Dreadful Rot  Necr/Alch/Air  100%       N/A       1%          2
 Call Canine Familiar     Summ           96%        N/A       1%          3
 Summon Ice Beast         Ice/Summ       72%        N/A       1%          3
 Teleport Other           Tloc           87%        N/A       1%          3
 Vampiric Draining        Necr           87%        2d12      1%          3
 Volatile Blastmotes      Fire/Tloc      100%       2d18      1%          3
 Animate Armour           Summ/Erth      100%       N/A       1%          4
 Dispel Undead            Necr           87%        3d28      1%          4
 Martyr's Knell           Necr/Summ      92%        N/A       1%          4
 Summon Blazeheart Golem  Fire/Summ      72%        N/A       1%          4
 Summon Lightning Spire   Summ/Air       80%        N/A       1%          4
 Mercury Vapours          Alch/Air       92%        N/A       2%          2
 Anguish                  Hex/Necr       33%        N/A       2%          4
 Dimensional Bullseye     Hex/Tloc       33%        N/A       2%          4
 Foxfire                  Conj/Fire      100%       2x1d9     3%          1
 Magic Dart               Conj           100%       1d8       3%          1
 Slow                     Hex            100%       N/A       3%          1
 Sting                    Conj/Alch      100%       1d9       3%          1
 Ensorcelled Hibernation  Hex/Ice        62%        N/A       4%          2
 Scorch                   Fire           62%        2d7       4%          2
 Searing Ray              Conj           62%        2d6       4%          2
 Mephitic Cloud           Conj/Alch/Air  41%        N/A       5%          3
 Borgnjor's Vile Clutch   Necr/Erth      33%        N/A       5%          5
 Confusing Touch          Hex            31%        N/A       9%          3
 Dazzling Flash           Conj/Hex       62%        N/A       9%          3
 Frozen Ramparts          Ice            62%        1d10      9%          3
 Hailstorm                Conj/Ice       31%        3d8       9%          3
 Inner Flame              Hex/Fire       31%        N/A       9%          3
 Ozocubu's Armour         Ice            31%        N/A       9%          3
 Sigil of Binding         Hex            31%        N/A       9%          3
 Brom's Barrelling Bould  Conj/Erth      31%        2d5       26%         4
 Cause Fear               Hex            15%        N/A       26%         4
 Flame Wave               Conj/Fire      31%        2d9       26%         4
 Fulminant Prism          Conj/Alch      15%        3d10      26%         4
 Ignite Poison            Fire/Alch      31%        N/A       26%         4
 Leda's Liquefaction      Alch/Erth      15%        N/A       26%         4
 Sticky Flame             Fire/Alch      31%        2d7       26%         4
 Freezing Cloud           Conj/Ice/Air   20%        6-21      34%         5
 Fireball                 Conj/Fire      15%        3d8       54%         5
 Irradiate                Conj/Alch      15%        3d16      54%         5
 Iskenderun's Battlesphe  Conj           31%        2d8       54%         5
 Lee's Rapid Deconstruct  Erth           15%        3d10*     54%         5
 Metabolic Englaciation   Hex/Ice        15%        N/A       54%         5
 Yara's Violent Unravell  Hex/Alch       15%        3d8       54%         5
 Conjure Ball Lightning   Conj/Air       23%        3x3d6     78%         6
 Bombard                  Conj/Erth      15%        9d3       98%         6
 Eringya's Noxious Bog    Alch           15%        4d6       98%         6
 Permafrost Eruption      Ice/Erth       15%        2x4d4     98%         6
 Sculpt Simulacrum        Ice/Alch       15%        N/A       98%         6
 Starburst                Conj/Fire      15%        6d6       98%         6
 Summon Hydra             Summ           48%        N/A       2%          7
 Borgnjor's Revivificati  Necr           43%        N/A       45%         8
 Spellforged Servitor     Conj/Summ      36%        N/A       50%         7
 Enfeeble                 Hex            15%        N/A       100%        7
 Orb of Destruction       Conj           15%        9d7       100%        7
 Ozocubu's Refrigeration  Ice            15%        4d10      100%        7
 Discord                  Hex            15%        N/A       100%        8
 Ignition                 Fire           15%        3d6       100%        8
 Death's Door             Necr           43%        N/A       100%        9
 Fire Storm               Conj/Fire      15%        8d4       100%        9
 Polar Vortex             Ice            15%        12d2*     100%        9


Dungeon Overview and Level Annotations

Branches:
Dungeon (15/15)            Temple (1/1) D:5            Lair (5/5) D:8
  Swamp (4/4) Lair:3        Snake (4/4) Lair:3        Slime (5/5) Lair:4
    Orc (2/2) D:10            Elf (3/3) Orc:2        Vaults (5/5) D:14
  Crypt (3/3) Vaults:3       Tomb (0/3) Crypt:3      Depths (4/4) D:15
    Zot (5/5) Depths:4    Gauntlet (visited)

Altars:
Ashenzari
Cheibriados
Dithmenos
Elyvilon
Fedhas
Gozag
Hepliaklqana
Kikubaaqudgha
Makhleb
Nemelex Xobeh
Okawaru
Qazlal
Ru
Sif Muna
Trog
Uskayaw
Vehumet
Wu Jian
Xom
Yredelemnul
Zin
The Shining One
Beogh
Jiyva

Shops:
D:5 *   Orc:2 ((=?   Elf:1 (::   Snake:2 =(*   Vaults:2 [   Vaults:4 :
Vaults:5 [

Portals:
Hell: Depths:1 Depths:2 Depths:3 Depths:4
Abyss: Depths:3
Pandemonium: Depths:2
Ziggurat: Depths:2

Annotations:
Zot:4 3 runed translucent doors, Uxisash's ghost, veteran DrIE


Innate Abilities, Weirdness & Mutations

You are a living statue of rough stone.
Your actions are slow, but your melee attacks are powerful.
You are resistant to unholy torment.
Your maximum health is greatly increased.
Your equipment is partially melded.
You are too large for most types of armour.
You are immune to poison.
You have a pair of small horns on your head.
((You have tough skin. (AC +1)))
You gain doubled healing and magic from potions.
Whenever you drink a healing potion, you attack all around you.
((You are partially covered in iridescent scales. (AC +2)))
Armour fits poorly on your strangely shaped body.
Your magical capacity is low. (-10% MP)
Your natural rate of healing is unusually fast.
You are robust. (+10% HP)
((You are covered in fur. (AC +1)))
Your spells are a little harder to cast, but a little more powerful.
You have hidden genetic potential.
You are vulnerable to heat. (rF-)
You occasionally lose the ability to read scrolls when taking damage.


Message History

The Brimstone Fiend hits you but does no damage. x2
The Brimstone Fiend hits you.
You pound the Brimstone Fiend like an anvil!!!
You freeze the Brimstone Fiend!
You kill the Brimstone Fiend!
The Council accepts your kill.
Your Shapeshifting skill increases to level 24!
You hear a chilling moan.
Magic restored.
A hellwing comes into view.
You charge forward with an electric crackle!
You barely miss the hellwing.
You headbutt the hellwing, but do no damage.
The hellwing hits you but does no damage.
The hellwing barely misses you.
You skewer the hellwing like a kebab!!!!
You freeze the hellwing!
You kill the hellwing!
The Council accepts your kill.
No target in view!
Something misses you. Something closely misses you.
Deactivating autopickup; reactivate with Ctrl-A.
You puncture something! Your headbutt misses something. Something hits you!
You feel your power leaking away.
You barely miss something. You headbutt something.
Something closely misses you.
You completely miss something. Your headbutt misses something.
Something hits you but does no damage.
You stick something like a pincushion!!!
You freeze something! You headbutt something.
Something hits you but does no damage.
You perforate something like a sieve!!! You freeze something.
The Council accepts your kill.
Reactivating autopickup.
You feel a bit more experienced.
HP restored.
There is a staircase leading out of the dungeon here.
There is a staircase leading out of the dungeon here.
You have escaped!

.......######..##.###
######.............>#
#######...######
#......#
###############.#.####
..........# #......#
###...(##.# ##.###.#
........#.# #.# #.#
###....(#.# #I# #.#
#.....#.# #># #.#
#####.#.# #.# #.#
#.#.# ### #.# #.#.#
#.# #.#.# #.# #.#.#
#.# #.#.# #.# #.#.#
#.#


There were no monsters in sight!

Vanquished Creatures
  the Royal Jelly (Slime:5)
  Frederick (Vaults:3)
  2 ancient liches
  4 dread liches
  2 pandemonium lords
  Mara (Vaults:3)
  2 orbs of fire (Zot:5)
  A juggernaut (Depths:3)
  Josephina (Depths:3)
  A royal mummy (Crypt:3)
  Sojobo (Vaults:4)
  Vv (Crypt:3)
  A shard shrike (Zot:3)
  4 Killer Klowns (Zot:5)
  A curse toe (Zot:3)
  A profane servitor (Zot:1)
  7 golden dragons
  4 Tzitzimimeh
  Norris (Depths:3)
  2 bone dragons
  The ghost of Epoun the Warrior, an adept GrFi of Cheibriados (Crypt:1)
  4 Brimstone Fiends
  2 electric golems
  A hellephant (Abyss:3)
  Jorgrun (D:12)
  3 doom hounds (Crypt:2)
  16 tentacled monstrosities
  A Hell Sentinel (D:2)
  Zenata (Vaults:1)
  Grunn (Crypt:2)
  A walking divine tome (Abyss:3)
  4 liches
  2 deep elf master archers
  13 Orb Guardians
  11 titans
  8 sphinxes
  6 death cobs
  3 deep elf blademasters
  5 quicksilver dragons
  14 acid blobs
  A thorn hunter (Swamp:4)
  An Executioner (Zot:3)
  An ancient champion (Crypt:1)
  7 tentacled starspawn
  Gastronok (D:8)
  8 storm dragons
  Roxanne (Swamp:4)
  9 nagarajas
  8 protean progenitors
  A demonspawn warmonger (Zot:5)
  7 shadow dragons
  Aizul (Snake:1)
  3 fire giants
  7 rockslimes
  Donald (Snake:1)
  8 azure jellies
  7 tengu reavers
  2 iron dragons (Depths:3)
  5 revenants
  10 frost giants
  2 draconian shifters
  8 vault wardens
  4 draconian monks
  2 draconian scorchers
  A deep elf elementalist (Elf:3)
  5 deep elf sorcerers
  2 ghouls
  4 ghost moths
  6 curse skulls
  5 spectral caustic shrikes (Depths:1)
  5 orc warlords
  4 reapers
  A cacodemon (Zot:5)
  4 draconian stormcallers
  10 quicksilver oozes
  17 ironbound preservers
  17 very ugly things
  2 balrugs
  4 spriggan defenders
  10 deep elf death magi
  3 draconian annihilators
  15 stone giants
  5 ironbound thunderhulks
  3 putrid mouths (Crypt:2)
  6 vampire knights
  2 eleionomae (Swamp:3)
  3 starflowers (Abyss:3)
  5 formless jellyfish
  4 deep elf annihilators
  2 lorocyprocas
  8 black draconians
  7 green draconians
  Nessos (D:12)
  9 deep elf demonologists
  5 purple draconians
  6 bunyips
  8 yellow draconians
  9 white draconians
  Azrael (D:15)
  3 war gargoyles
  A minotaur (Gauntlet)
  5 red draconians
  4 spark wasps
  13 dire elephants
  2 blizzard demons (Abyss:3)
  3 jiangshi
  3 crystal guardians
  3 mummy priests (Crypt:3)
  7 eidola
  A merfolk javelineer (Depths:1)
  13 ettins
  4 deep elf high priests (Elf:3)
  An entropy weaver (Gauntlet)
  8 yaktaur captains
  7 rakshasas
  7 fire dragons
  An entropy weaver (shapeshifter) (Zot:2)
  2 shambling mangroves (Swamp:3)
  2 peacekeepers
  10 great orbs of eyes
  7 ice dragons
  39 vault guards
  3 ghost crabs
  A spriggan zombie (Crypt:2)
  A caustic shrike simulacrum (Depths:3)
  17 alligators
  19 hydras
  2 salamander tyrants (Snake:4)
  7 spriggan air magi
  12 centaur warriors
  3 boulder beetles
  An ogre mage (D:15)
  A merfolk avatar (Lair:5)
  10 anacondas
  11 ironbound frosthearts
  30 dancing weapons
  A death knight (Crypt:1)
  6 two-headed ogres
  2 deep troll shamans
  7 thrashing horrors
  5 orc high priests (Orc:2)
  3 vampire magi
  A deep troll earth mage (Depths:4)
  4 tengu warriors
  9 naga warriors
  2 occultists (Abyss:3)
  The ghost of avangion the Thaumaturge, a novice DjFE of Hepliaklqana (D:9)
  16 deep elf knights
  The ghost of TwadoKnight the Protected, a novice MiFi of Gozag (D:8)
  12 hell knights
  5 shock serpents
  7 spriggan berserkers
  6 iron trolls
  6 sun demons
  11 wretched stars (Abyss:3)
  A golden dragon zombie (Depths:2)
  12 skeletal warriors
  12 spriggans
  15 naga sharpshooters
  A soul eater (Crypt:2)
  5 shadow wraiths
  5 sixfirhies
  9 skysharks
  A spatial maelstrom (Abyss:3)
  67 deep trolls
  4 goliath frogs
  Lodul (D:14)
  4 glowing orange brains
  2 salamander mystics (Snake:4)
  An anaconda zombie (Crypt:3)
  A sea snake (Lair:5)
  6 flayed ghosts
  2 shadow demons
  7 swamp dragons (Swamp:4)
  13 mana vipers
  5 spriggan druids
  6 naga ritualists
  19 bog bodies
  13 deep elf archers
  A spriggan simulacrum (Depths:2)
  8 arcanists
  A mana viper (shapeshifter) (Elf:3)
  6 lindwurms
  Pikel (D:7)
  18 starcursed masses
  9 thermic dynamos
  16 ironbound convokers
  9 phantasmal warriors
  26 orc knights
  27 deep elf zephyrmancers
  15 harpies
  A harpy (shapeshifter) (D:14)
  An alligator zombie (Crypt:3)
  A broodmother zombie (Crypt:2)
  7 necromancers
  A stone giant zombie (Vaults:1)
  A faun (shapeshifter) (Zot:2)
  A wolf spider (D:15)
  2 orc sorcerers
  34 ugly things
  A shining eye (shapeshifter) (Elf:2)
  A stone giant skeleton (Crypt:3)
  5 oklob plants (Abyss:3)
  34 deep elf pyromancers
  4 will-o-the-wisps
  4 worldbinders
  3 cyclopes
  A shining eye (Slime:1)
  8 manticores
  A salamander (shapeshifter) (D:13)
  5 salamanders
  A cyclops (shapeshifter) (D:15)
  5 guardian serpents
  A meliai (shapeshifter) (Abyss:3)
  An alligator skeleton (Crypt:2)
  A frost giant zombie (Depths:2)
  15 large abominations
  A fire giant skeleton (Crypt:1)
  An iron dragon skeleton (Depths:2)
  4 elephants
  21 moths of wrath
  An orc zombie (Crypt:2)
  A rust devil (D:4)
  4 smoke demons
  4 molten gargoyles (Elf:1)
  A black mamba (shapeshifter) (D:14)
  2 apocalypse crabs (Abyss:3)
  11 vault sentinels
  6 cane toads
  13 naga magi
  4 orange demons
  A cane toad (shapeshifter) (Depths:1)
  A shock serpent skeleton (Crypt:2)
  A gargoyle (D:14)
  40 black mambas
  Maggie (D:6)
  An unseen horror (D:11)
  3 eyes of devastation
  6 rime drakes
  14 komodo dragons
  An unseen horror zombie (D:8)
  A tormentor (Crypt:2)
  3 efreet
  2 kobold demonologists
  A spectral unseen horror (D:8)
  13 yaktaurs
  12 tengu conjurers
  2 freezing wraiths
  3 human zombies
  28 guardian mummies (Crypt:3)
  5 ancient zymes (Abyss:3)
  A queen bee (Lair:2)
  6 polar bears
  5 trolls
  A pale draconian skeleton (Crypt:1)
  A sea snake skeleton (Crypt:2)
  A bloated husk (Swamp:1)
  A harpy skeleton (Crypt:2)
  A wind drake (Lair:5)
  A troll (shapeshifter) (Vaults:5)
  4 hellwings
  17 hornets
  7 tyrant leeches
  A polar bear (shapeshifter) (D:13)
  3 glass eyes
  A queen bee (shapeshifter) (D:15)
  A raiju (shapeshifter) (Elf:1)
  2 dream sheep (shapeshifter)
  20 blink frogs
  30 raiju
  A stone giant simulacrum (Vaults:2)
  Prince Ribbit (D:6)
  2 snapping turtles (Lair:5)
  A glass eye (shapeshifter) (D:15)
  49 slime creatures
  A jumping spider (Gauntlet)
  4 air elementals
  A centaur simulacrum (D:14)
  4 ynoxinuls
  3 shadows
  5 wraiths
  12 ushabtiu (Crypt:3)
  A vampire (D:9)
  A water elemental (Elf:3)
  54 yaks
  9 wyverns
  17 humans (D:14)
  3 basilisks
  5 neqoxecs
  6 golden eyes
  3 wargs
  6 fire elementals
  2 steam dragons
  A redback simulacrum (D:14)
  3 chaos spawn
  2 naga zombies (Crypt:2)
  10 small abominations
  Menkaure (D:4)
  2 redbacks (Zot:3)
  7 vampire mosquitoes
  2 two-headed ogre zombies (Crypt:1)
  45 nagas
  Edmund (D:6)
  23 water moccasins
  A skyshark zombie (Crypt:1)
  13 swamp worms
  2 acid dragons
  5 hell hounds (D:15)
  A water moccasin (shapeshifter) (D:13)
  2 black bears
  A two-headed ogre skeleton (Crypt:1)
  8 swamp drakes
  A hornet zombie (Crypt:3)
  47 orc warriors
  An ice beast (D:8)
  9 laughing skulls
  4 sky beasts
  3 boggarts (Lair:2)
  9 wolves
  An ettin simulacrum (Vaults:1)
  2 lemures (D:7)
  17 ogres
  15 centaurs
  A human skeleton (Vaults:2)
  A hog zombie (Crypt:2)
  2 weeping skulls (Abyss:3)
  7 kobold brigands
  A fire crab zombie (Crypt:3)
  10 bullfrogs
  2 brain worms (Abyss:3)
  2 water moccasin zombies (D:6)
  2 earth elementals (Elf:2)
  4 scorpions
  11 wights
  24 killer bees (Lair:2)
  7 electric eels
  A raiju skeleton (Crypt:3)
  A spectral centaur (D:8)
  2 spriggan skeletons
  4 centaur zombies
  2 bombardier beetles
  3 quasits
  3 bullfrog zombies
  2 hounds
  37 orc priests
  2 iron imps (Abyss:3)
  3 iguanas
  A sleepcap (D:5)
  13 orc wizards
  2 killer bee zombies
  A hound zombie (Crypt:1)
  2 mummies (Crypt:3)
  2 howler monkey zombies
  5 adders
  2 shadow imps
  2 white imps
  11 ufetubi
  A ribbon worm (D:3)
  6 dart slugs
  81 orcs
  2 ball pythons
  4 bats
  2 bat skeletons
  6 endoplasms
  2 giant cockroaches
  8 goblins
  11 hobgoblins
  32 kobolds
  A quokka (D:2)
  3 frilled lizards
  A kobold skeleton (Crypt:2)
  5 rats
  7 aspiring fleshes
  2 fire vortices (Zot:1)
  4 starspawn tentacles
2399 creatures vanquished.

Vanquished Creatures (collateral kills)
  A dread lich (Abyss:3)
  2 ancient liches (Zot:5)
  2 orbs of fire (Zot:5)
  A juggernaut (Depths:3)
  5 Killer Klowns (Zot:5)
  A bone dragon (Abyss:3)
  2 electric golems (Zot:5)
  A tentacled monstrosity (Zot:4)
  A lich (Zot:4)
  A quicksilver dragon (Zot:5)
  13 Orb Guardians (Zot:5)
  4 titans (Vaults:5)
  A sphinx (Vaults:5)
  6 acid blobs
  2 eldritch tentacles
  An Executioner (Abyss:3)
  2 tengu reavers
  3 tentacled starspawn
  2 shadow dragons
  2 storm dragons
  A rockslime (Slime:5)
  4 azure jellies (Slime:5)
  3 fire giants
  2 vault wardens (Vaults:5)
  An iron dragon (Zot:4)
  2 draconian shifters
  2 caustic shrike zombies (Zot:2)
  A ghost moth (Zot:5)
  2 draconian stormcallers (Zot:2)
  10 quicksilver oozes
  2 ironbound preservers (Vaults:5)
  A stone giant (Depths:3)
  4 very ugly things
  3 black draconians
  3 green draconians
  A yellow draconian (Zot:3)
  A deep elf annihilator (Vaults:5)
  5 purple draconians
  2 red draconians
  3 white draconians
  2 fire dragons
  An ettin (Vaults:5)
  2 great orbs of eyes
  2 yaktaur captains (Vaults:5)
  A deep elf high priest (Vaults:5)
  An ice dragon (Depths:4)
  A jorogumo (Zot:4)
  A satyr (Zot:4)
  3 deep troll shamans (Depths:4)
  A vampire mage (Depths:1)
  2 deep troll earth magi (Depths:4)
  2 hell knights (Depths:4)
  A sun demon (D:11)
  A naga warrior (Abyss:3)
  An iron troll (Zot:3)
  A shadow wraith (Crypt:3)
  A spatial maelstrom (Abyss:3)
  2 orb spiders (shapeshifter) (Vaults:5)
  2 thermic dynamos (Zot:2)
  2 phantasmal warriors (Vaults:5)
  5 deep trolls (Depths:4)
  An ironbound convoker (Vaults:5)
  2 shining eyes
  A necromancer (Depths:2)
  3 ugly things
  2 moths of wrath
  2 vault sentinels (Vaults:5)
  A torpor snail (shapeshifter) (Zot:4)
  An eye of devastation (Slime:1)
  A smoke demon (Abyss:3)
  A freezing wraith (Vaults:5)
  2 yaktaurs (Vaults:5)
  A starcursed mass (Abyss:3)
  A raiju (Abyss:3)
  30 slime creatures
  An ushabti (Crypt:3)
  3 nameless horrors
  3 golden eyes (Slime:1)
  2 orc warriors (Vaults:5)
  2 laughing skulls (Crypt:2)
  A small abomination (Abyss:3)
  An orc priest (Vaults:5)
  4 orcs (Vaults:5)
  4 butterflies (Zot:2)
  2 fire vortices (Zot:1)
  A starspawn tentacle (Abyss:3)
214 creatures vanquished.

Vanquished Creatures (others)
  A dread lich (Vaults:5)
  An acid blob (Slime:2)
  35 eldritch tentacles
  A storm dragon (Vaults:5)
  A fire giant (Depths:2)
  A moth of wrath (Zot:4)
  An ugly thing (Depths:2)
  A molten gargoyle (Elf:1)
  A large abomination (Zot:1)
  A hellwing (Zot:1)
  A tengu simulacrum (Depths:3)
  The ghost of osoart the Gusty, an amateur TeAE of Qazlal (D:4)
  A naga (Snake:3)
  A swamp drake (Swamp:1)
  A boggart (Lair:2)
  A human simulacrum (Depths:3)
  8 foxfires
  10 snaplasher vines
  20 starspawn tentacles
88 creatures vanquished.

Grand Total: 2701 creatures vanquished

Notes
Turn   | Place    | Note
-------+----------+-------------------------------------------
     0 | D:1      | DimondSprtn the Oni Warper began the quest for the Orb.
     0 | D:1      | Reached XP level 1. HP: 22/22 MP: 3/3
   218 | D:1      | Reached skill level 3 in Fighting
   218 | D:1      | Reached XP level 2. HP: 20/31 MP: 5/5
   265 | D:1      | Learned a level 2 spell: Blink
   268 | D:1      | Learned a level 2 spell: Lesser Beckoning
  1191 | D:2      | Reached XP level 3. HP: 28/37 MP: 6/6
  1885 | D:3      | Reached skill level 4 in Fighting
  1885 | D:3      | Reached XP level 4. HP: 48/48 MP: 7/7
  2160 | D:3      | Reached XP level 5. HP: 55/55 MP: 8/8
  2624 | D:4      | Found a hazy altar of Hepliaklqana.
  2634 | D:4      | Noticed Menkaure
  2804 | D:4      | Found a runed translucent gate.
  2804 | D:4      | Found a runed translucent gate.
  2805 | D:4      | Found a runed translucent gate.
  3171 | D:4      | Reached skill level 5 in Fighting
  3225 | D:4      | Found a shimmering blue altar of Sif Muna.
  3322 | D:4      | Reached skill level 5 in Maces & Flails
  3333 | D:4      | Reached XP level 6. HP: 41/66 MP: 9/9
  3471 | D:4      | Learned a level 4 spell: Maxwell's Portable Piledriver
  3495 | D:4      | Killed Menkaure
  3569 | D:4      | Reached XP level 7. HP: 74/74 MP: 10/20
  3575 | D:4      | Learned a level 4 spell: Vhi's Electric Charge
  4013 | D:4      | Noticed osoart's ghost (amateur TeAE)
  4028 | D:5      | Entered Level 5 of the Dungeon
  4043 | D:5      | Found Pohoepne's General Store.
  4046 | D:5      | Bought a potion of heal wounds for 75 gold pieces
  4112 | D:5      | Reached skill level 10 in Spellcasting
  4226 | D:5      | Reached XP level 8. HP: 52/83 MP: 18/22
  4436 | D:5      | Found a staircase to the Ecumenical Temple.
  4445 | Temple   | Entered the Ecumenical Temple
  4453 | Temple   | Became a worshipper of the Wu Jian Council
  4494 | D:5      | Found a radiant altar of Vehumet.
  4803 | D:5      | Reached skill level 6 in Fighting
  4803 | D:5      | Reached skill level 1 in Air Magic
  5153 | D:6      | Noticed Prince Ribbit
  5179 | D:6      | Killed Prince Ribbit
  5340 | D:6      | Found a stormy altar of Qazlal.
  5342 | D:6      | Noticed a water elemental
  5343 | D:6      | Noticed an air elemental
  5833 | D:6      | Noticed Edmund
  6205 | D:6      | Reached XP level 9. HP: 43/92 MP: 13/23
  6537 | D:6      | Reached * piety under Wu Jian
  6661 | D:6      | Noticed Maggie
  6696 | D:6      | Killed Edmund
  7152 | D:6      | Found an iron altar of Okawaru.
  7221 | D:6      | Found a basalt altar of Yredelemnul.
  7228 | D:6      | Reached skill level 7 in Fighting
  7484 | D:6      | Identified the +5 rapier "Fuinao" {heavy, *Slow rPois rCorr
                  | Str+4}
  8202 | D:7      | Reached XP level 10. HP: 104/104 MP: 19/24
  8364 | D:7      | Reached ** piety under Wu Jian
  8424 | D:7      | Noticed Pikel
  8467 | D:7      | Killed Pikel
  8468 | D:7      | Reached skill level 8 in Fighting
  8547 | D:7      | Found a sacrificial altar of Ru.
  8663 | D:7      | Found a glowing silver altar of Zin.
  8902 | D:8      | Found a runed translucent gate.
  8902 | D:8      | Found a runed translucent gate.
  8905 | D:8      | Found a runed translucent gate.
  8909 | D:8      | Noticed a spectral unseen horror
  9194 | D:8      | Noticed Gastronok
  9322 | D:8      | Killed Gastronok
  9395 | D:8      | Noticed a two-headed ogre
  9407 | D:8      | Killed a two-headed ogre
  9408 | D:8      | Reached skill level 9 in Fighting
  9470 | D:8      | Found a staircase to the Lair.
  9650 | D:8      | Reached XP level 11. HP: 66/115 MP: 25/25
  9871 | D:8      | Reached skill level 10 in Maces & Flails
 10628 | D:8      | Reached skill level 10 in Fighting
 10830 | D:8      | Noticed TwadoKnight's ghost (novice MiFi)
 10998 | D:9      | Found a runed translucent gate.
 10998 | D:9      | Found a runed translucent gate.
 10998 | D:9      | Found a runed translucent gate.
 11054 | D:9      | Noticed avangion's ghost (novice DjFE)
 11056 | D:9      | Identified the +0 plate armour of Cowardice {+Blink rF-
                  | Will++}
 11157 | D:9      | Found a white marble altar of Elyvilon.
 11282 | D:9      | Reached *** piety under Wu Jian
 11414 | D:9      | Found an opulent altar of Gozag.
 12056 | D:9      | Found a roughly hewn altar of Beogh.
 12087 | D:10     | Entered Level 10 of the Dungeon
 12131 | D:10     | Found a bloodstained altar of Trog.
 12457 | D:10     | Found a broken altar of Ashenzari.
 12516 | D:10     | Found a burning altar of Makhleb.
 12569 | D:10     | Found a hide-covered altar of Uskayaw.
 12696 | D:10     | Noticed a two-headed ogre
 12714 | D:10     | Killed a two-headed ogre
 12715 | D:10     | Reached skill level 11 in Fighting
 13052 | D:10     | Found a staircase to the Orcish Mines.
 13067 | D:10     | Noticed a sun demon
 13121 | D:10     | Reached **** piety under Wu Jian
 13144 | D:10     | Noticed a sun demon
 13721 | D:10     | Found a shadowy altar of Dithmenos.
 14427 | D:11     | Reached XP level 12. HP: 114/124 MP: 21/26
 15254 | Lair:1   | Entered Level 1 of the Lair of Beasts
 15524 | Lair:1   | Reached skill level 12 in Fighting
 15701 | Lair:1   | Reached skill level 5 in Air Magic
 16834 | Lair:2   | Noticed a skyshark
 17039 | Lair:2   | Paralysed by a boggart for 3 turns
 17178 | Lair:2   | Reached skill level 13 in Fighting
 17181 | Lair:2   | Reached ***** piety under Wu Jian
 17248 | Lair:2   | Noticed a skyshark
 17362 | Lair:3   | Reached XP level 13. HP: 118/144 MP: 27/27
 17719 | Lair:3   | Reached skill level 14 in Fighting
 17734 | Lair:3   | Found a staircase to the Snake Pit.
 18129 | Lair:2   | Reached skill level 15 in Fighting
 19076 | Lair:2   | Reached skill level 16 in Fighting
 19946 | Lair:3   | Reached skill level 17 in Fighting
 20148 | Lair:3   | Found a staircase to the Swamp.
 20632 | Lair:4   | Reached skill level 18 in Fighting
 20830 | Lair:4   | Found a gate leading to a gauntlet.
 20849 | Gauntlet | Entered a Gauntlet
 20849 | Gauntlet | Found a transporter.
 20849 | Gauntlet | Found a transporter.
 20865 | Gauntlet | Found a transporter.
 20869 | Gauntlet | Found a transporter.
 20879 | Gauntlet | Found a transporter.
 20883 | Gauntlet | Found a transporter.
 20888 | Gauntlet | Noticed an entropy weaver
 20893 | Gauntlet | Found a transporter.
 20914 | Gauntlet | Found a transporter.
 20931 | Gauntlet | Found a transporter.
 20935 | Gauntlet | Found a transporter.
 20945 | Gauntlet | Found a transporter.
 20949 | Gauntlet | Found a transporter.
 21149 | Gauntlet | Reached XP level 14. HP: 58/170 MP: 28/28
 21853 | Gauntlet | Identified the +1 robe of Lepsio {Rampage +Inv Str+2}
 21864 | Gauntlet | Got the Papyrus of the Evil Eye
 22175 | Lair:4   | Found a runed translucent door.
 22175 | Lair:4   | Noticed an acid blob
 22176 | Lair:4   | Found a staircase to the Slime Pits.
 22176 | Lair:4   | Noticed an acid blob
 22611 | Lair:5   | Entered Level 5 of the Lair of Beasts
 23021 | Lair:4   | Reached skill level 19 in Fighting
 23469 | Lair:5   | Identified the +3 quarterstaff of War {freeze, Str+3 SInv}
 24256 | Lair:5   | Reached skill level 20 in Fighting
 25216 | D:12     | Noticed Jorgrun
 25236 | D:12     | Found the +6 shillelagh "Devastator" {shatter}
 25752 | D:12     | Killed Jorgrun
 26228 | D:12     | Noticed Nessos
 26246 | D:12     | Killed Nessos
 26247 | D:12     | Reached skill level 21 in Fighting
 27091 | Orc:1    | Entered Level 1 of the Orcish Mines
 27592 | Orc:2    | Entered Level 2 of the Orcish Mines
 27684 | Orc:1    | Reached skill level 1 in Armour
 27750 | Orc:2    | Paralysed by an orc sorcerer for 5 turns
 27943 | Orc:2    | Reached ****** piety under Wu Jian
 27949 | Orc:2    | Reached XP level 15. HP: 103/187 MP: 30/30
 28302 | Orc:2    | Found a staircase to the Elven Halls.
 28491 | Orc:2    | Found a roughly hewn altar of Beogh.
 28511 | Orc:2    | Found Fiuluce's Weapon Emporium.
 28649 | Orc:2    | Found Kouro's Magic Scroll Shoppe.
 28652 | Orc:2    | Found Vunnir's Antique Weapon Shoppe.
 28653 | Orc:2    | Found Cesuuxt's Distillery.
 28654 | Orc:2    | Found Konnuf's Jewellery Emporium.
 28662 | Orc:2    | Bought an amulet of regeneration for 390 gold pieces
 28662 | Orc:2    | Bought the ring "Haokioto" {rN+ rCorr EV+5 Dex+4} for 795
                  | gold pieces
 28682 | Orc:2    | Bought a potion of might for 44 gold pieces
 28682 | Orc:2    | Bought a potion of magic for 88 gold pieces
 28682 | Orc:2    | Bought a potion of magic for 88 gold pieces
 28682 | Orc:2    | Bought a potion of brilliance for 44 gold pieces
 28694 | Orc:2    | Bought a scroll of fog for 44 gold pieces
 28698 | Orc:2    | Bought a potion of haste for 110 gold pieces
 28698 | Orc:2    | Bought a potion of curing for 33 gold pieces
 28698 | Orc:2    | Bought 2 potions of curing for 66 gold pieces
 28698 | Orc:2    | Bought a potion of curing for 33 gold pieces
 28698 | Orc:2    | Bought a potion of curing for 33 gold pieces
 28959 | D:4      | Killed osoart's ghost
 29112 | D:6      | Killed Maggie
 29233 | D:8      | Killed TwadoKnight's ghost
 29234 | D:8      | Reached skill level 22 in Fighting
 29361 | D:9      | Killed avangion's ghost
 29415 | D:9      | Identified the +3 pair of gloves of Niron {Int+2 Dex+3
                  | Stlth+}
 30830 | D:14     | Noticed Lodul
 30883 | D:14     | Killed Lodul
 30886 | D:14     | Reached skill level 23 in Fighting
 31109 | Orc:2    | Bought a scroll of brand weapon for 104 gold pieces
 31876 | D:14     | Reached skill level 24 in Fighting
 31913 | D:14     | Found a gate to the Vaults.
 31943 | D:14     | Reached XP level 16. HP: 70/208 MP: 31/31
 32314 | D:15     | Entered Level 15 of the Dungeon
 32518 | D:15     | Reached skill level 25 in Fighting
 32945 | D:15     | Noticed Azrael
 32971 | D:15     | Killed Azrael
 33500 | D:15     | Found a staircase to the Depths.
 34210 | Snake:1  | Entered Level 1 of the Snake Pit
 34451 | Snake:1  | Reached skill level 26 in Fighting
 35198 | Snake:1  | Noticed Donald
 35216 | Snake:1  | Killed Donald
 35341 | Abyss:2  | Cast into level 2 of the Abyss (naga ritualist)
 35434 | Abyss:2  | Noticed a bone dragon
 35450 | Abyss:2  | Noticed a tentacled starspawn
 35455 | Abyss:2  | Killed a bone dragon
 35460 | Abyss:2  | Killed a tentacled starspawn
 35468 | Abyss:2  | Reached skill level 27 in Fighting
 35488 | Abyss:2  | Noticed a tentacled starspawn
 35499 | Abyss:2  | Reached skill level 5 in Dodging
 35712 | Abyss:2  | Reached XP level 17. HP: 42/226 MP: 32/32
 35714 | Snake:1  | Escaped the Abyss
 36090 | Snake:2  | Identified the serpent talisman "Cifan" {rF+ rC- Will+
                  | Str+5}
 36090 | Snake:2  | Noticed Aizul
 36109 | Snake:1  | Killed Aizul
 36570 | Snake:2  | Found Cyhaxtea's General Store.
 36572 | Snake:2  | Found Virchafou's Weapon Shoppe.
 36574 | Snake:2  | Found Qaosufy's Jewellery Emporium.
 36600 | Snake:2  | Bought a scroll of blinking for 150 gold pieces
 36632 | Snake:2  | Identified the +7 ring mail "Xaacuapn" {rF+ MP+9}
 37404 | Snake:2  | Reached skill level 15 in Maces & Flails
 38574 | Snake:4  | Entered Level 4 of the Snake Pit
 39783 | Snake:4  | Reached XP level 18. HP: 236/236 MP: 28/33
 40663 | Snake:4  | Got a serpentine rune of Zot
 40785 | Swamp:1  | Entered Level 1 of the Swamp
 42974 | Swamp:4  | Entered Level 4 of the Swamp
 42974 | Swamp:4  | Noticed Roxanne
 43290 | Swamp:4  | Reached XP level 19. HP: 127/245 MP: 28/34
 43571 | Swamp:4  | Killed Roxanne
 43792 | Swamp:4  | Learned a level 1 spell: Apportation
 43794 | Swamp:4  | Learned a level 1 spell: Summon Small Mammal
 43871 | Swamp:4  | Got a decaying rune of Zot
 44342 | Elf:1    | Entered Level 1 of the Elven Halls
 44522 | Elf:1    | Got Jogiagipn's Vellum of Support
 44596 | Elf:1    | Paralysed by an air elemental for 1 turns
 44826 | Elf:1    | Found Qoxka's Antique Weapon Boutique.
 45117 | Elf:1    | Paralysed by an air elemental for 1 turns
 45295 | Elf:1    | Found Usichueh's Book Emporium.
 45344 | Elf:1    | Found Xot Wysk's Book Shoppe.
 45860 | Elf:2    | Reached skill level 1 in Shapeshifting
 46483 | Elf:2    | Paralysed by an air elemental for 1 turns
 46636 | Elf:2    | Paralysed by an air elemental for 1 turns
 46665 | Elf:2    | Reached skill level 5 in Shapeshifting
 46941 | Elf:2    | Found a runed translucent gate.
 46942 | Elf:2    | Found a runed translucent gate.
 46942 | Elf:2    | Found a runed translucent gate.
 47040 | Elf:2    | Reached XP level 20. HP: 59/256 MP: 35/35
 47431 | Elf:3    | Entered Level 3 of the Elven Halls
 47984 | Elf:3    | Identified the amulet of Zeughesa {Reflect rF+ rCorr SH+5}
 48007 | Elf:3    | Identified the ring of Xom's Attic {rElec rF+}
 48259 | Elf:2    | Noticed a Tzitzimitl
 48785 | Elf:3    | Identified the +1 ring mail of Yesterday {rF+ rN+}
 48807 | Elf:3    | Reached skill level 10 in Shapeshifting
 49030 | Elf:3    | Got Neaces's Spellbook of Transposition
 49040 | Elf:3    | Identified the staff "Bepaastrunt" {rC+ Will+ Dex-2 Stlth+
                  | Summ Ice}
 49058 | Elf:3    | Learned a level 4 spell: Iskenderun's Mystic Blast
 49086 | Elf:3    | Got the Exposition on Protean Phlogiston
 49313 | Elf:3    | Learned a level 6 spell: Dispersal
 49963 | Vaults:1 | Entered Level 1 of the Vaults
 50897 | Vaults:1 | Reached XP level 21. HP: 265/265 MP: 31/36
 51256 | Vaults:1 | Learned a level 5 spell: Summon Forest
 51326 | Vaults:1 | Noticed Zenata
 51342 | Vaults:1 | Killed Zenata
 51700 | Vaults:2 | Found Tioc's Armour Shoppe.
 51738 | Vaults:2 | You fall into a shaft and drop 2 floors!
 52282 | Vaults:2 | Reached skill level 15 in Shapeshifting
 52432 | Vaults:2 | Noticed a dread lich
 52442 | Vaults:2 | Paralysed by something for 4 turns
 52449 | Vaults:2 | Killed a dread lich
 52995 | Vaults:2 | Gained mutation: Your muscles are strong. (Str +4, Int/Dex
                  | -1) [potion of mutation]
 52995 | Vaults:2 | Gained mutation: You have large cloven feet. [potion of
                  | mutation]
 52995 | Vaults:2 | Gained mutation: You have hoof-like feet. [potion of
                  | mutation]
 53101 | Vaults:3 | Noticed Mara
 53108 | Vaults:3 | Killed Mara
 53159 | Vaults:3 | Identified the +6 shortbow of Rumenumi {freeze, rF+ Str+3
                  | Stlth+}
 53160 | Vaults:3 | Identified the orb "Qucih" {light, +Blink Str+4 Conj}
 53160 | Vaults:3 | Noticed Frederick
 53168 | Vaults:3 | Killed Frederick
 53179 | Vaults:3 | Reached skill level 10 in Dodging
 53184 | Vaults:3 | Found a staircase to the Crypt.
 53223 | Vaults:3 | Reached XP level 22. HP: 275/275 MP: 34/39
 53663 | Vaults:3 | Identified the +4 pair of boots of the Harp {^Contam rC+
                  | Str+3 SInv}
 54180 | Vaults:3 | Reached skill level 15 in Spellcasting
 54500 | Vaults:4 | Found Rab Qye's Book Boutique.
 55261 | Crypt:1  | Entered Level 1 of the Crypt
 55285 | Crypt:1  | Identified a scroll of acquirement
 55311 | Crypt:1  | Acquired a book of Dreams
 55317 | Crypt:1  | Learned a level 3 spell: Fugue of the Fallen
 55450 | Crypt:1  | Found the +4 consecrated labrys {holy, Valiant ^Fragile Fly
                  | SInv}
 55453 | Crypt:1  | Found a runed translucent gate.
 55453 | Crypt:1  | Noticed Epoun's ghost (adept GrFi)
 55454 | Crypt:1  | Found a runed translucent gate.
 55455 | Crypt:1  | Found a runed translucent gate.
 55833 | Crypt:1  | Learned a level 7 spell: Malign Gateway
 56321 | Crypt:2  | Identified the +2 quarterstaff of Gairchil {spect, rElec}
 56334 | Crypt:2  | Identified the +2 robe of Spite {Str+3 Archmagi}
 57032 | Crypt:3  | Entered Level 3 of the Crypt
 57173 | Crypt:3  | Noticed Grunn
 57192 | Crypt:2  | Killed Grunn
 57193 | Crypt:2  | Reached skill level 1 in Summonings
 57237 | Crypt:2  | Reached XP level 23. HP: 263/284 MP: 37/45
 57564 | Crypt:3  | Noticed Vv
 57566 | Crypt:3  | Reached skill level 5 in Summonings
 57574 | Crypt:3  | Killed Vv
 57576 | Crypt:3  | Noticed a royal mummy
 57580 | Crypt:3  | Killed a royal mummy
 57718 | Crypt:3  | Found a staircase to the Tomb.
 58615 | Crypt:3  | Identified the staff of Prudence {rPois rF- rN+ Dex+3
                  | Stlth+ Alchemy}
 58617 | Crypt:3  | Got Tiqib's Folio of the Evil Eye and the Flock
 58773 | Crypt:3  | Identified the ring "Het Oxam" {rF+ SInv}
 58775 | Crypt:3  | Identified the +2 helmet "Byit" {rF++ Stlth+}
 59090 | Crypt:1  | Reached skill level 1 in Necromancy
 59104 | Crypt:1  | Killed Epoun's ghost
 59346 | Depths:1 | Entered Level 1 of the Depths
 59511 | Depths:1 | Identified the ring "Orafeh" {Fire rPois}
 59539 | Depths:1 | Found a gateway to Hell.
 59893 | Depths:1 | Paralysed by something for 4 turns
 60158 | Depths:1 | Found an iron altar of Okawaru.
 60296 | Depths:2 | Reached skill level 10 in Summonings
 60296 | Depths:2 | Reached skill level 10 in Translocations
 60409 | Depths:2 | Reached XP level 24. HP: 295/295 MP: 40/45
 60610 | Depths:2 | Found a one-way gateway to a ziggurat.
 60704 | Depths:2 | Found a hazy altar of Hepliaklqana.
 60794 | Depths:2 | Found a one-way gate leading to the halls of Pandemonium.
 61120 | Depths:3 | Noticed Norris
 61146 | Depths:3 | Killed Norris
 61444 | Depths:3 | Identified the ring "Loqerofu" {Ice rCorr}
 61444 | Depths:3 | Noticed Josephina
 61449 | Depths:3 | Killed Josephina
 61600 | Depths:3 | Noticed a juggernaut
 61631 | Depths:3 | Found a one-way gate to the infinite horrors of the Abyss.
 61947 | Depths:3 | Noticed a juggernaut
 61953 | Depths:3 | Killed a juggernaut
 61955 | Depths:3 | Killed a juggernaut
 62070 | Depths:4 | Entered Level 4 of the Depths
 63477 | Depths:4 | Found a gate to the Realm of Zot.
 63651 | Depths:4 | Reached XP level 25. HP: 304/304 MP: 45/45
 63658 | Depths:4 | Learned a level 6 spell: Death Channel
 64391 | Slime:1  | Entered Level 1 of the Pits of Slime
 65477 | Slime:5  | Entered Level 5 of the Pits of Slime
 65721 | Slime:5  | Found a viscous altar of Jiyva.
 65738 | Slime:5  | Gained mutation: Your magical capacity is low. (-10% MP) [a
                  | shining eye]
 65743 | Slime:5  | Gained mutation: You occasionally shout uncontrollably at
                  | your foes. [a shining eye]
 65765 | Slime:5  | Reached skill level 5 in Necromancy
 65788 | Slime:5  | Noticed the Royal Jelly
 65797 | Slime:5  | Killed the Royal Jelly
 65908 | Slime:5  | Identified the ring of Moderation {rElec rCorr AC+4 Dex+4}
 65913 | Slime:5  | Identified the +6 sling of Woups {drain, rC+ rN+}
 65914 | Slime:5  | Identified the +7 sling of Fortitude {speed, Str+2}
 65932 | Slime:5  | Got Jyubla Olem's Vellum of the Mutagenic Pyre
 65949 | Slime:5  | Identified the staff "Beetleslayer" {^Fragile rF+ rC- Conj
                  | Summ Fire}
 65951 | Slime:5  | Identified the amulet "Gumnu" {Acrobat rElec rPois rN+}
 65966 | Slime:5  | Got the Cyclopedia of Kindling
 65993 | Slime:5  | Got a slimy rune of Zot
 66042 | Slime:5  | Learned a level 7 spell: Haunt
 66715 | Vaults:5 | Entered Level 5 of the Vaults
 66715 | Vaults:5 | Noticed a dread lich
 66810 | Vaults:5 | Noticed Sojobo
 66823 | Vaults:4 | Killed a dread lich
 66928 | Vaults:4 | Killed Sojobo
 67024 | Vaults:5 | Reached skill level 10 in Necromancy
 67282 | Vaults:5 | Reached XP level 26. HP: 314/314 MP: 41/41
 67409 | Vaults:5 | Reached skill level 15 in Summonings
 67627 | Abyss:3  | Cast into level 3 of the Abyss (vault warden)
 67957 | Abyss:3  | Gained mutation: You are dopey. (Int -2) [a neqoxec]
 67994 | Vaults:5 | Escaped the Abyss
 68080 | Vaults:5 | Found the +9 sword of Power {lifebolt}
 68193 | Vaults:5 | Found Ylumy's Armour Shoppe.
 68199 | Vaults:5 | Identified the +8 glaive of Rotten Expedience {drain,
                  | +Blink rF+}
 68279 | Vaults:5 | Got a silver rune of Zot
 68477 | Vaults:5 | Lost mutation: You occasionally shout uncontrollably at
                  | your foes. [potion of mutation]
 68477 | Vaults:5 | Lost mutation: You have hoof-like feet. [potion of
                  | mutation]
 68477 | Vaults:5 | Gained mutation: You are agile. (Dex +4, Str/Int -1)
                  | [potion of mutation]
 68477 | Vaults:5 | Gained mutation: You are very dopey. (Int -4) [potion of
                  | mutation]
 68477 | Vaults:5 | Gained mutation: You are very agile. (Dex +8, Str/Int -2)
                  | [potion of mutation]
 68478 | Vaults:5 | Lost mutation: You are very agile. (Dex +8, Str/Int -2)
                  | [potion of mutation]
 68478 | Vaults:5 | Lost mutation: You are agile. (Dex +4, Str/Int -1) [potion
                  | of mutation]
 68478 | Vaults:5 | Lost mutation: You are very dopey. (Int -4) [potion of
                  | mutation]
 68478 | Vaults:5 | Gained mutation: You occasionally lose the ability to read
                  | scrolls when taking damage. [potion of mutation]
 68478 | Vaults:5 | Gained mutation: You are covered in fur. (AC +1) [potion of
                  | mutation]
 68478 | Vaults:5 | Gained mutation: You have hidden genetic potential. [potion
                  | of mutation]
 68479 | Vaults:5 | Lost mutation: You have large cloven feet. [potion of
                  | mutation]
 68479 | Vaults:5 | Lost mutation: You are dopey. (Int -2) [potion of mutation]
 68479 | Vaults:5 | Gained mutation: Your magical capacity is very low. (-20%
                  | MP) [potion of mutation]
 68479 | Vaults:5 | Gained mutation: You are partially covered in iridescent
                  | scales. (AC +2) [potion of mutation]
 68480 | Vaults:5 | Lost mutation: Your magical capacity is very low. (-20% MP)
                  | [potion of mutation]
 68480 | Vaults:5 | Lost mutation: Your muscles are strong. (Str +4, Int/Dex
                  | -1) [potion of mutation]
 68480 | Vaults:5 | Gained mutation: You are robust. (+10% HP) [potion of
                  | mutation]
 68480 | Vaults:5 | Gained mutation: Your natural rate of healing is unusually
                  | fast. [potion of mutation]
 68708 | Vaults:5 | Identified the +0 helmet of the Known World {+Inv rPois}
 68709 | Vaults:5 | Identified the +10 hand cannon "Fokkenai" {penet, Will+
                  | Str+3 Int-4}
 68751 | Vaults:5 | Noticed a dread lich
 68761 | Vaults:5 | Killed a dread lich
 68798 | Vaults:5 | Identified the ring of Uhiuzasu {^Contam rF+ Dex+7}
 68819 | Vaults:5 | Got the Parchment of the Bloodied Curse
 68829 | Vaults:5 | Learned a level 8 spell: Summon Horrible Things
 69294 | Depths:3 | Voluntarily entered the Abyss.
 69294 | Abyss:3  | Noticed a dread lich
 69296 | Abyss:3  | Killed a dread lich
 69323 | Depths:3 | Escaped the Abyss
 69329 | Depths:3 | Voluntarily entered the Abyss.
 69332 | Abyss:3  | Noticed a dread lich
 69341 | Abyss:3  | Killed a dread lich
 69420 | Abyss:3  | Reached XP level 27. HP: 290/290 MP: 22/42
 69422 | Abyss:3  | Found a corrupted altar of Lugonu.
 69433 | Abyss:3  | Got an abyssal rune of Zot
 69452 | Depths:3 | Escaped the Abyss
 69655 | Zot:1    | Entered Level 1 of the Realm of Zot
 71667 | Zot:3    | Found a shimmering altar of Xom.
 72157 | Zot:3    | Found the +4 dragonskin cloak {Aegis}
 72157 | Zot:3    | Noticed Tiamat
 72170 | Zot:3    | Tiamat changed into Tiamat the shard shrike
 72170 | Zot:3    | Noticed Tiamat
 72171 | Zot:3    | Killed Tiamat the shard shrike
 72266 | Zot:3    | Identified the death talisman of Jasir {rF+ rC- Str+5}
 72885 | Zot:4    | Noticed an ancient lich
 72890 | Zot:4    | Killed an ancient lich
 73053 | Zot:4    | Got the Treatise on the Mantle
 73451 | Zot:4    | Found a runed translucent gate.
 73451 | Zot:4    | Found a runed translucent gate.
 73453 | Zot:4    | Found a runed translucent gate.
 73454 | Zot:4    | Noticed Uxisash's ghost (veteran DrIE)
 73655 | Zot:4    | Found the +8 mithril axe "Arga" {speed, Will+}
 73656 | Zot:4    | Found the +3 Mad Mage's Maulers {Infuse+∞ VampMP -Cast}
 73696 | Zot:5    | Entered Level 5 of the Realm of Zot
 73697 | Zot:5    | Noticed an ancient lich
 73697 | Zot:5    | Noticed an ancient lich
 74407 | Zot:5    | Noticed an orb of fire
 74409 | Zot:5    | Gained mutation: Armour fits poorly on your strangely
                  | shaped body. [an orb of fire]
 74410 | Zot:5    | Gained mutation: You are vulnerable to heat. (rF-) [an orb
                  | of fire]
 74414 | Zot:5    | Killed an ancient lich
 74415 | Zot:5    | Killed an ancient lich
 74419 | Zot:5    | Killed an orb of fire
 74433 | Zot:5    | Gained mutation: Your spells are a little harder to cast,
                  | but a little more powerful. [hidden potential]
 74633 | Zot:5    | Noticed an orb of fire
 74637 | Zot:5    | Noticed an orb of fire
 74641 | Zot:5    | Noticed an orb of fire
 74641 | Zot:5    | Killed an orb of fire
 74644 | Zot:5    | Killed an orb of fire
 74649 | Zot:5    | Killed an orb of fire
 74653 | Zot:5    | Noticed a dread lich
 74659 | Zot:5    | Killed a dread lich
 74944 | Zot:5    | Noticed an ancient lich
 74950 | Zot:5    | Killed an ancient lich
 75205 | Zot:5    | Got the Orb of Zot
 75282 | Zot:3    | Noticed Kumiokh the pandemonium lord
 75293 | Zot:3    | Killed Kumiokh the pandemonium lord
 75409 | Zot:1    | Noticed Budwaust the pandemonium lord
 75419 | Zot:1    | Killed Budwaust the pandemonium lord
 75681 | Depths:1 | Noticed Kefefuadd the pandemonium lord
 76146 | D:$      | Escaped with the Orb!

Illustrated notes

Levels and vault maps discovered:
D:1:      dpeg_arrival_tiny_j, layout_basic, chequers_serial_rivers_small_b,
          corexii_item_surrounded_by_moat
D:2:      layout_loops_ring, kennysheep_generic_room_13
D:3:      layout_basic, minmay_goblin_outpost
D:4:      layout_layer_cave, mainiacjoe_overflow_tiny_flanked,
          mainiacjoe_overflow_six_doors_small, ebering_ghost_rock_garden,
          uniq_menkaure
D:5:      layout_gridville, nicolae_vehumet_altar_sigil,
          minmay_temple_entry_gardened_gates, serial_shops,
          nicolae_shop_window_shopping, kennysheep_generic_room_14
D:6:      corexii_shack_village, layout_rooms, nicolae_yredelemnul_corpse_copse,
          nicolae_qazlal_style_of_elements, mainiacjoe_overflow_small_starburst,
          uniq_prince_ribbit1, uniq_edmund, uniq_maggie
D:7:      layout_gridville, kennysheep_mini, nicolae_ru_path_of_blood,
          serial_undead, serial_undead_e, serial_undead_b, serial_undead_c,
          serial_undead_e, nrook_campfire, uniq_pikel
D:8:      layout_loops_corners, minmay_lair_entry_grove,
          gammafunk_ghost_necromancy, kennysheep_crisscross, uniq_gastronok
D:9:      layout_basic, grunt_gozag_breadcrumbs, mainiacjoe_overflow_alcove_2,
          biasface_ghost_orc_armoury, nicolae_fort_ynox
D:10:     minmay_spotlight, layout_basic, mainiacjoe_overflow_brackets,
          mainiacjoe_overflow_surrounded_room, mainiacjoe_overflow_chevrons,
          bloody_makhleb, general_overflow_altar, david_orc_3
D:11:     layout_basic
D:12:     layout_layer_cave, uniq_nessos, uniq_jorgrun
D:13:     layout_basic
D:14:     layout_loops_ring, grunt_vaults_entry_tiered,
          chequers_serial_rivers_small_3, fungi_pond_lemuel, uniq_lodul
D:15:     gammafunk_enter_depths_forms, layout_grid_maze, serial_park_tiny_pond,
          uniq_azrael
Temple:   nicolae_temple_little_seven
Lair:1:   layout_cave_pods
Lair:2:   layout_roguey [special_room_bee], kilobyte_rumbling_trees,
          infiniplex_staircase_pool_2, grunt_megastairs_4
Lair:3:   layout_regular_city, mainiacjoe_swamp_entry_angry_trees,
          guppyfry_snake_entry_island, serial_bayou_shore_b, grunt_megastairs_3
Lair:4:   layout_loops_ring, slime_entry_2, gauntlet_entry_generic,
          grunt_megastairs_5
Lair:5:   gammafunk_lair_ancient_temple, layout_long_grid
Swamp:1:  layout_falls_marsh, nicolae_swamp_small_spring, swamp_pool_5,
          nicolae_swamp_tree_isthmus
Swamp:2:  layout_falls_marsh, evilmike_swamp_ruin_house_1
Swamp:3:  layout_basic_swamp, evilmike_swamp_ruin_house_3,
          nicolae_swamp_decorative_isthmus
Swamp:4:  swamp_alternative, layout_basic_swamp, uniq_roxanne
Snake:1:  layout_layer_cave, uniq_donald
Snake:2:  nicolae_aizul_guard, layout_misc_corridors, minmay_shop_star
Snake:3:  layout_rooms, grunt_ministairs_5, lemuel_fruit_tree
Snake:4:  minmay_snake_end_coiled, layout_onion_interference,
          nicolae_large_snake_swirl
Slime:1:  layout_caves
Slime:2:  layout_caves
Slime:3:  layout_caves
Slime:4:  layout_caves, cheibrodos_slime_lost_civilization_7
Slime:5:  slime_pit_nicolae_jellycorners
Orc:1:    layout_caves
Orc:2:    st_orc_pillars, layout_diamond_mine, serial_shops,
          nicolae_shop_rolling_square, basic_altar
Elf:1:    nicolae_elf_arrival_fired_up, layout_geoelf_diagonals, serial_shops,
          shop, minmay_elf_demonology, minmay_misc_feat_columns, minivault_8,
          minmay_shoptagon
Elf:2:    nicolae_elf_blades_crystal_corner, layout_loops_corners,
          serial_sigils, serial_sigils_hangedman_confine,
          serial_sigils_hangedman_gut, serial_sigils_hangedman_gut,
          serial_sigils_hangedman_shear, serial_sigils_hangedman_scratch
Elf:3:    grunt_elf_hall_spiral, layout_geoelf_diagonals
Vaults:1: v_misc_12, vaults_room_fours, v_misc_5,
          nicolae_vaults_ring_of_whatevers, ontoclasm_vaults_ligature,
          v_alt_pattern_2, ontoclasm_vaults_loading_screen,
          layout_vaults_omnigrid, uniq_zenata
Vaults:2: vaults_dpeg_cross, nicolae_vaults_you_can_take_it_with_you,
          nicolae_vaults_more_shelving_2, nicolae_vaults_trapezoid_layered,
          vaults_standard_mumra_enter_the_diamond, v_rooms_4, v_misc_1,
          nicolae_vaults_tetromino_L_2, nicolae_vaults_more_shelving_1,
          v_misc_30, layout_vaults_maze_snakey, serial_shops,
          nicolae_shop_mannequins, uniq_margery
Vaults:3: nicolae_vaults_spaceships, nicolae_vaults_big_ls,
          vaults_room_grunt_arrival_checkpoint, ontoclasm_vaults_twist,
          v_misc_18, nicolae_vaults_network_quinsquares
          [nicolae_vaults_network_quincunx_subvault,
          nicolae_vaults_network_quincunx_subvault,
          nicolae_vaults_network_quincunx_subvault,
          nicolae_vaults_network_quincunx_subvault], v_rooms_3,
          nicolae_vaults_trapezoid_lopsided_2, nicolae_vaults_octothorpe,
          layout_vaults_chaotic_city, dummy_crypt_entry, uniq_frederick,
          uniq_mara
Vaults:4: nicolae_vaults_double_plus_2, vaults_standard_mumra_enter_the_diamond,
          st_cross, nicolae_vaults_trapezoid_3, hangedman_vaults_corner,
          nicolae_vaults_back_hallway, hangedman_vaults_slither,
          nicolae_vaults_little_ls, ontoclasm_vaults_spin,
          nicolae_vaults_trapezoid_layered, nicolae_vaults_trapezoid_4,
          layout_vaults_omnibox, serial_shops, nicolae_shop_getting_attention
Vaults:5: uniq_sojobo
Crypt:1:  layout_chaotic_city, gammafunk_ghost_split,
          serial_library_regret_index_closets, serial_sigils_hangedman_leer
Crypt:2:  layout_catacombs
Crypt:3:  due_elkab, layout_chaotic_city, grunt_ministairs_14,
          nicolae_crypt_reliquary_box, uniq_vv, uniq_grunn
Depths:1: layout_gridlike, minmay_tree_intersection, pf_hell_entry_tar_river,
          kennysheep_okawaru_gauntlet
Depths:2: grated_community_mu [grated_community_mu_vampire_home,
          grated_community_mu_giant_home, grated_community_mu_spellcaster_home,
          grated_community_mu_orcish_home, grated_community_mu_troll_home,
          grated_community_mu_taur_home, grated_community_mu_unbuilt_plot],
          layout_cave_pools, enter_ziggurat_f, grunt_metal_band,
          rand_demon_pan_entry_4, nicolae_hepliaklqana_hazy_memory
Depths:3: minmay_the_grid_triangle_9x9_rhombus_thin_mashed
          [minmay_the_grid_triangle_9x9_odd_lines,
          minmay_the_grid_triangle_9x9_prize_center,
          minmay_the_grid_triangle_9x9_empty,
          minmay_the_grid_triangle_9x9_swiss_cheese], layout_twisted_cross,
          grunt_hell_entry_dis_grunt, kennysheep_big_empty_room, abyss_entry,
          uniq_norris, uniq_josephina
Depths:4: grunt_zot_entry_gee_three, layout_gridlike, hell_entry
Zot:1:    layout_cellular_growth
Zot:2:    hangedman_orp_of_zott, layout_gridlike
Zot:3:    layout_cathedral_of_symmetry, grunt_ministairs_6,
          regret_index_zotdec_twisting_globes, uniq_tiamat
Zot:4:    hangedman_zot_vaults_quadrants, layout_onion_interference,
          regret_index_zotdec_onion_hex, gammafunk_ghost_ooze
Zot:5:    layout_basic, nicolae_zig_zag_zippers

Skill      XL: |  1  2  3  4  5  6  7  8  9 10 11 12 13 14 15 16 17 18 19 20 21 22 23 24 25 26 27 |
---------------+----------------------------------------------------------------------------------+-----
Fighting       | 3 4 5 6 7 9 11 13 18 21 24 27 | 27.0
Maces & Flails | 3 4 5 6 8 9 12 14 17 20 22 | 22.0
Spellcasting   | 9 10 11 13 18 19 20 | 20.0
Translocations | 8 9 10 13 14 | 14.0
Air Magic      | 1 3 4 5 |  5.0
Dodging        | 4 6 7 10 14 | 14.9
Armour         | 2 3 |  3.2
Shapeshifting  | 7 13 16 24 | 24.0
Summonings     | 1 10 13 14 16 17 | 17.6
Necromancy     | 3 11 14 | 14.0
Throwing       | |  1.0

Action                     |  1- 3 |  4- 6 |  7- 9 | 10-12 | 13-15 | 16-18 | 19-21 | 22-24 | 25-27 || total
---------------------------+-------+-------+-------+-------+-------+-------+-------+-------+-------++-------
  Melee: Mace              |    80 |    85 |   141 |       |       |       |       |       |       ||   306
         Headbutt          |    17 |    18 |    41 |   140 |   257 |   236 |   264 |   170 |   315 ||  1458
         Dire flail        |       |       |    80 |   689 |   734 |   203 |       |       |       ||  1706
         Shillelagh        |       |       |       |       |   424 |   503 |   477 |       |       ||  1404
         Giant spiked club |       |       |       |       |       |   392 |   662 |   977 |  1345 ||  3376
         Kick              |       |       |       |       |       |       |     7 |   301 |   162 ||   470
  Throw: Dart              |     2 |     9 |       |       |       |       |       |       |       ||    11
   Cast: Blink             |       |    11 |     9 |     5 |     6 |     2 |     1 |       |     1 ||    35
         Lesser Beckoning  |       |     1 |     5 |     2 |     3 |    15 |    15 |     5 |       ||    46
         Vhi's Electric Ch |       |       |    53 |    73 |   106 |   144 |   121 |   146 |   114 ||   757
         Maxwell's Portabl |       |       |    12 |    16 |    24 |     5 |     4 |       |       ||    61
         Apportation       |       |       |       |       |       |       |     5 |       |     1 ||     6
         Fugue of the Fall |       |       |       |       |       |       |       |    28 |    41 ||    69
         Summon Forest     |       |       |       |       |       |       |       |    22 |    11 ||    33
         Malign Gateway    |       |       |       |       |       |       |       |     9 |    28 ||    37
         Death Channel     |       |       |       |       |       |       |       |       |    36 ||    36
         Haunt             |       |       |       |       |       |       |       |       |     1 ||     1
         Summon Horrible T |       |       |       |       |       |       |       |       |     1 ||     1
 Invoke: Serpent's Lash    |       |       |       |       |     3 |     3 |     1 |       |     1 ||     8
         Heavenly Storm    |       |       |       |       |     3 |     3 |     3 |     1 |     1 ||    11
Ability: Whirlwind         |       |       |       |   104 |   209 |   233 |   330 |   250 |   475 ||  1601
         Lunge             |       |       |       |    23 |    54 |    68 |    70 |    48 |   116 ||   379
         Wall Jump         |       |       |       |       |     5 |    14 |       |    10 |     5 ||    34
  Evoke: Wand              |       |       |       |       |     2 |       |       |       |       ||     2
    Use: Scroll            |       |    11 |     2 |     4 |    11 |     5 |     5 |     4 |     1 ||    43
         Potion            |       |     2 |     1 |     3 |     4 |     6 |     1 |     1 |    10 ||    28
   Stab: Distracted        |       |       |       |     1 |       |     1 |       |     5 |    16 ||    23
         Sleeping          |       |       |       |       |     4 |     4 |     1 |     1 |     1 ||    11
 Armour: Robe              |    48 |    62 |   156 |    14 |       |       |       |       |       ||   280
         Acid dragon scale |       |       |       |   234 |   509 |   627 |   427 |       |       ||  1797
         Skin              |       |       |       |       |       |       |   225 |   999 |  1296 ||  2520
  Dodge: Dodged            |    28 |    45 |   105 |   336 |   687 |   561 |   511 |   782 |  1165 ||  4220
   Form: Statue            |       |       |       |       |       |       |     1 |       |       ||     1

Table legend: (Time is in decaauts)
 A = Elapsed time spent in this place.
 B = Non-inter-level travel time spent in this place.
 C = Inter-level travel time spent in this place.
 D = Time resting spent in this place.
 E = Time spent auto-exploring this place.
 F = Levels seen in this place.
 G = Mean time per level.
                   A        B        C        D        E       F      G
               +--------+--------+--------+--------+--------+-----+--------+
         Total |  87856 |  77553 |  10303 |  10248 |  53750 |  61 | 1440.3 |
       Dungeon |  24972 |  20630 |   4342 |   2886 |  14557 |  15 | 1664.8 |
        Temple |     16 |      2 |     14 |      0 |      0 |   1 |   16.0 |
          Lair |   9424 |   8508 |    916 |   1761 |   5541 |   5 | 1884.8 |
         Swamp |   3303 |   3098 |    205 |    152 |   2348 |   4 |  825.8 |
     Snake Pit |   5988 |   5706 |    282 |   1152 |   3566 |   4 | 1497.0 |
    Slime Pits |   2924 |   2761 |    163 |    438 |   1765 |   5 |  584.8 |
  Orcish Mines |   1840 |   1469 |    371 |     18 |   1194 |   2 |  920.0 |
   Elven Halls |   4932 |   4744 |    188 |   1271 |   2542 |   3 | 1644.0 |
        Vaults |  10327 |   9353 |    974 |    349 |   7269 |   5 | 2065.4 |
         Crypt |   5847 |   5377 |    470 |    490 |   4051 |   3 | 1949.0 |
        Depths |   7612 |   5964 |   1648 |    646 |   4261 |   4 | 1903.0 |
           Zot |   8527 |   7801 |    726 |    414 |   6032 |   5 | 1705.4 |
         Abyss |   1104 |   1104 |      0 |    282 |    163 |   4 |  276.0 |
      Gauntlet |   1034 |   1034 |      0 |    386 |    458 |   1 | 1034.0 |
               +--------+--------+--------+--------+--------+-----+--------+

Top non-repeatable levels by time:
    D:10: 2442 daAuts
     D:8: 2393 daAuts
Vaults:4: 2299 daAuts
    D:15: 2265 daAuts
Depths:4: 2253 daAuts
  Lair:2: 2248 daAuts
Vaults:3: 2240 daAuts
   Elf:2: 2227 daAuts
 Crypt:3: 2227 daAuts
 Crypt:2: 2217 daAuts
     D:9: 2118 daAuts
Depths:1: 2086 daAuts
   Zot:5: 2054 daAuts
Vaults:5: 2035 daAuts
     D:5: 2020 daAuts
